 Dungeon Crawl Stone Soup version 0.26.1-11-gd32895ea62 (webtiles) character file.

Game seed: 12056825945701597478

6281 Zeld the Transmogrifier (level 10, -2/69 HPs)
             Began as an Octopode Transmuter on May 26, 2021.
             Was an Initiate of Gozag.
             Slain by a troll (5 damage)
             ... while petrified by a basilisk
             ... on level 9 of the Dungeon.
             The game lasted 00:14:49 (18555 turns).

Zeld the Transmogrifier (Octopode Transmuter)      Turns: 18555, Time: 00:14:49

Health: -2/69      AC:  1    Str: 12    XL:     10   Next: 94%
Magic:  30/31      EV:  2    Int: 16    God:    Gozag
Gold:   505        SH:  0    Dex: 13    Spells: 11/26 levels left

rFire    . . .     SeeInvis .     - Unarmed
rCold    . . .     Faith    .   (shield currently unavailable)
rNeg     + + +     Spirit   .   (helmet restricted)
rPois    ∞         Reflect  .   (no amulet)
rElec    .         Harm     .   n - ring of magical power
rCorr    +         Rampage  .   g - ring of resist corrosion
Will     .....                  (no ring)
Stlth    ++........             (no ring)
HPRegen  0.21/turn              (no ring)
MPRegen  0.22/turn              (no ring)
                                (no ring)
                                (no ring)

@: blade tentacles, petrified, hasted
A: almost no armour, stealthy swim, amphibious, 8 rings, constrict 8, camouflage
1, gelatinous body 1
a: End Transformation, Renounce Religion, Potion Petition, Call Merchant, Bribe
Branch


You were on level 9 of the Dungeon.
You worshipped Gozag.
Gozag was pleased with you.
You had blades for tentacles.
You visited 2 branches of the dungeon, and saw 10 of its levels.

You collected 1155 gold pieces.
You spent 336 gold pieces at shops.
You paid 314 gold pieces to Gozag.

Inventory:

Jewellery
 g - a ring of resist corrosion (right scythe-like blade)
 n - a ring of magical power (left scythe-like blade)
Wands
 b - a wand of digging (7)
 h - a wand of polymorph (5)
 r - a wand of enslavement (11)
 u - a wand of acid (11)
 v - a wand of random effects (17)
 A - a wand of iceblast (16)
Scrolls
 a - 4 scrolls of amnesia
 d - 6 scrolls of remove curse
 e - 6 scrolls of teleportation
 f - a scroll of blinking
 i - 2 scrolls of noise {unknown}
 k - 2 scrolls of enchant weapon
 l - a scroll of torment {unknown}
 m - 4 scrolls of magic mapping
 o - 2 scrolls of enchant armour
 s - a scroll of brand weapon
Potions
 c - 5 potions of curing
 p - a potion of mutation {unknown}
 t - a potion of flight {unknown}
 z - a potion of brilliance {unknown}


   Skills:
 + Level 6.6 Fighting
 + Level 6.9 Dodging
 - Level 3.0 Unarmed Combat
 * Level 8.9 Spellcasting
 * Level 9.6 Transmutations


You had 11 spell levels left.
You knew the following spells:

 Your Spells              Type           Power        Failure   Level
a - Beastly Appendage     Tmut           74%          9%          1
b - Wereblood             Tmut           37%          10%         2
c - Spider Form           Tmut/Pois      11%          30%         3
d - Ice Form              Ice/Tmut       22%          54%         4
e - Blade Hands           Tmut           18%          34%         5

Your spell library contained the following spells:

 Spells                   Type           Power        Failure   Level
 Animate Skeleton         Necr           14%          47%         1
 Corona                   Hex            7%           47%         1
 Foxfire                  Conj/Fire      28%          47%         1
 Pain                     Necr           28%          47%         1
 Summon Small Mammal      Summ           28%          47%         1
 Call Imp                 Summ           7%           56%         2
 Call Canine Familiar     Summ           7%           73%         3
 Conjure Flame            Conj/Fire      7%           73%         3
 Inner Flame              Hex/Fire       7%           73%         3
 Summon Guardian Golem    Hex/Summ       7%           73%         3
 Vampiric Draining        Necr           3%           73%         3
 Animate Dead             Necr           3%           96%         4
 Sticky Flame             Conj/Fire      7%           96%         4
 Summon Ice Beast         Ice/Summ       7%           96%         4
 Summon Lightning Spire   Summ/Air       7%           96%         4
 Agony                    Necr           7%           100%        5
 Fireball                 Conj/Fire      3%           100%        5


Dungeon Overview and Level Annotations

Branches:
Dungeon (9/15)             Temple (1/1) D:7            Lair (0/6) D:9
    Orc: D:9-12

Altars:
Ashenzari
Cheibriados
Dithmenos
Elyvilon
Fedhas
Gozag
Hepliaklqana
Kikubaaqudgha
Makhleb
Nemelex Xobeh
Okawaru
Qazlal
Ru
Sif Muna
Trog
Uskayaw
Vehumet
Wu Jian
Xom
Yredelemnul
Zin
The Shining One

Shops:
D:8 *

Annotations:
D:9 2 transporters


Innate Abilities, Weirdness & Mutations

You cannot wear most types of armour.
You are very stealthy in the water. (Stealth+)
You are amphibious.
You can wear up to eight rings at the same time.
You can use your tentacles to constrict eight enemies at once.
Your skin changes colour to match your surroundings (Stealth+).
Your rubbery body absorbs attacks. (AC +1, EV +1)


Message History

The basilisk hisses angrily.
The basilisk gazes at you. You resist with some effort.
The troll barely misses you. x2
The troll claws you!
* * * LOW HITPOINT WARNING * * *
The basilisk gazes at you. You resist with some effort.
The basilisk gazes at you.
You are slowing down.
Your limbs are stiffening.
You have turned to stone.
The troll bites you.
* * * LOW HITPOINT WARNING * * *
The troll claws you!
* * * LOW HITPOINT WARNING * * *
The troll claws you.
* * * LOW HITPOINT WARNING * * *
The troll bites you!
You die...
Your body crumbles into a pile of gold.

# #.......................######
# ########.>..............#
###########................#
...........l..[............######
.................................
........#.............#####..####
........#.............# #..####
........#.......T.....# #......
........#.......@.....#####..###.
........####....<................
.......?.+_#..............#####..
.....?..####.............## #.###
##......#......####.....## #.#.#.
#......#.....## #.....# #.#.#.#
##(.....#.....#####.....##. ##[#
.(......#...............#. .#
#######.######..........## .#


You could see a troll and a basilisk.

Vanquished Creatures
  Pikel (D:4)
  Maurice (D:7)
  An elephant (D:9)
  Maggie (D:6)
  Sigmund (D:4)
  A yak (D:8)
  Eustachio (D:6)
  Menkaure (D:5)
  Duvessa (D:6)
  2 orc warriors
  2 black bears (D:9)
  2 sky beasts
  An eye of draining (D:9)
  6 ogres
  2 centaurs
  2 big kobolds
  9 bullfrogs
  Dowan (D:6)
  A wyvern skeleton (D:8)
  6 scorpions
  3 wights (D:6)
  A howler monkey (D:4)
  3 vampire bats (D:2)
  2 jellies
  3 bullfrog zombies
  A centaur zombie (D:5)
  5 orc priests
  A hound (D:7)
  Crazy Yiuf (D:6)
  A centaur skeleton (D:9)
  A bullfrog skeleton (D:9)
  3 iguanas
  14 orc wizards
  7 worker ants
  A hound zombie (D:9)
  A howler monkey skeleton (D:6)
  Robin (D:3)
  10 adders
  6 gnolls
  2 shadow imps
  A white imp (D:5)
  4 oozes
  3 adder skeletons
  4 worms
  2 dart slugs
  4 leopard geckos
  35 orcs
  9 bats
  6 bat skeletons (D:2)
  A bat zombie (D:2)
  6 giant cockroaches
  18 goblins
  7 hobgoblins
  6 jackals
  18 kobolds
  3 quokkas
  A ball python (D:1)
  3 frilled lizards
  A giant cockroach zombie (D:5)
  A jackal skeleton (D:4)
  3 quokka skeletons
  10 rats
  A spectral orc (D:9)
257 creatures vanquished.

Vanquished Creatures (others)
  A fungus (D:9)
1 creature vanquished.

Grand Total: 258 creatures vanquished

Notes
Turn   | Place    | Note
-------+----------+-------------------------------------------
     0 | D:1      | Zeld the Octopode Transmuter began the quest for the Orb.
     0 | D:1      | Reached XP level 1. HP: 13/13 MP: 3/3
   227 | D:1      | Reached XP level 2. HP: 18/18 MP: 3/5
   233 | D:1      | Learned a level 2 spell: Wereblood
   737 | D:1      | Reached XP level 3. HP: 10/23 MP: 4/6
   743 | D:1      | Learned a level 3 spell: Spider Form
  1922 | D:2      | Reached XP level 4. HP: 24/28 MP: 3/8
  2066 | D:2      | Found a glowing golden altar of the Shining One.
  2184 | D:2      | Reached skill level 3 in Transmutations
  3307 | D:2      | Found a sparkling altar of Nemelex Xobeh.
  3429 | D:2      | Found an ancient bone altar of Kikubaaqudgha.
  3441 | D:2      | Reached XP level 5. HP: 28/34 MP: 6/9
  3449 | D:2      | Reached XP level 6. HP: 34/40 MP: 6/11
  3454 | D:2      | Learned a level 4 spell: Ice Form
  4161 | D:3      | Found a shimmering altar of Xom.
  4165 | D:3      | Found a shimmering altar of Xom.
  4358 | D:3      | Noticed Robin
  4369 | D:3      | Killed Robin
  4443 | D:3      | Found a blossoming altar of Fedhas.
  4690 | D:3      | Found a sacrificial altar of Ru.
  4966 | D:4      | Reached skill level 4 in Transmutations
  5219 | D:3      | Reached XP level 7. HP: 6/45 MP: 10/13
  5706 | D:4      | Noticed Sigmund
  5737 | D:4      | Killed Sigmund
  5738 | D:4      | Reached skill level 5 in Transmutations
  6266 | D:4      | Reached skill level 5 in Spellcasting
  6266 | D:4      | Reached XP level 8. HP: 37/52 MP: 12/15
  6352 | D:4      | Found a stormy altar of Qazlal.
  6570 | D:4      | Noticed Pikel
  6609 | D:4      | Killed Pikel
  6610 | D:4      | Reached skill level 6 in Transmutations
  7128 | D:5      | Entered Level 5 of the Dungeon
  7148 | D:5      | Learned a level 5 spell: Blade Hands
  7198 | D:5      | Found an ornate altar of the Wu Jian Council.
  7798 | D:5      | Noticed Menkaure
  7812 | D:5      | Reached XP level 9. HP: 59/59 MP: 15/18
  7818 | D:5      | Killed Menkaure
  7819 | D:5      | Reached skill level 5 in Dodging
  8088 | D:5      | Reached skill level 7 in Transmutations
  8742 | D:6      | Noticed Maggie
  9026 | D:6      | Killed Maggie
  9385 | D:6      | Reached skill level 5 in Fighting
 10036 | D:6      | Found a white marble altar of Elyvilon.
 10226 | D:6      | Noticed Eustachio
 10228 | D:6      | Noticed Duvessa
 10229 | D:6      | Noticed Dowan
 10235 | D:6      | Killed Duvessa
 10237 | D:6      | Killed Eustachio
 10241 | D:6      | Killed Dowan
 10387 | D:6      | Reached skill level 8 in Transmutations
 11216 | D:6      | Found a runed translucent door.
 11217 | D:6      | Noticed Crazy Yiuf
 11352 | D:6      | Killed Crazy Yiuf
 11353 | D:6      | Reached XP level 10. HP: 66/67 MP: 14/21
 11768 | D:7      | Found a shadowy altar of Dithmenos.
 11813 | D:7      | Found an iron altar of Okawaru.
 12048 | D:7      | Found a staircase to the Ecumenical Temple.
 12061 | Temple   | Entered the Ecumenical Temple
 12110 | Temple   | Became a worshipper of Gozag Ym Sagoz the Greedy
 12639 | D:8      | Noticed Maurice
 12754 | D:8      | Paralysed by Maurice for 7 turns
 13787 | D:8      | Found a shimmering blue altar of Sif Muna.
 13807 | D:8      | Identified Sif Muna's Handbook of Malediction
 14044 | D:8      | Found Meupauz's General Store.
 14047 | D:8      | Bought a scroll of identify for 28 gold pieces
 14047 | D:8      | Bought a wand of iceblast (7) for 154 gold pieces
 14047 | D:8      | Bought a scroll of magic mapping for 49 gold pieces
 14047 | D:8      | Bought a scroll of identify for 28 gold pieces
 14047 | D:8      | Bought a scroll of identify for 28 gold pieces
 14047 | D:8      | Bought a scroll of magic mapping for 49 gold pieces
 14093 | D:8      | Found a shadowy altar of Dithmenos.
 14221 | D:9      | Found an iron altar of Okawaru.
 14305 | D:9      | Found a staircase to the Lair.
 14305 | D:9      | Noticed an elephant
 15154 | D:8      | Found a shimmering blue altar of Sif Muna.
 15264 | D:8      | Found a shadowy altar of Dithmenos.
 15355 | D:8      | Found Meupauz's General Store.
 15505 | D:8      | Found a shadowy altar of Dithmenos.
 15601 | D:8      | Found Meupauz's General Store.
 15659 | D:8      | Found a shimmering blue altar of Sif Muna.
 16063 | D:7      | Found a staircase to the Ecumenical Temple.
 16098 | D:7      | Found an iron altar of Okawaru.
 16105 | D:7      | Killed Maurice
 16106 | D:7      | Reached skill level 9 in Transmutations
 16106 | D:7      | Found a shadowy altar of Dithmenos.
 17037 | D:9      | Found a broken altar of Ashenzari.
 17422 | D:9      | Killed an elephant
 18245 | D:9      | Found a basalt altar of Yredelemnul.
 18396 | D:9      | Found a transporter.
 18482 | D:9      | Found a transporter.
 18501 | D:9      | Noticed a boulder beetle
 18503 | D:9      | Noticed a gargoyle
 18554 | D:9      | HP: 3/69 [troll (2)]
 18555 | D:9      | Slain by a troll

Illustrated notes

Levels and vault maps discovered:
D:1:      nicolae_arrival_somewhat_less_tricky_arrival, layout_basic
D:2:      layout_loops_corners, lemuel_crystal_altar,
          nemelex_xobeh_ov_fountains_minmay, kennysheep_vampire_church
D:3:      layout_loops_corners, nicolae_ru_awakened_eye, xom_redecorated,
          fedhas_altar_fruit_tree, uniq_robin
D:4:      layout_cave_pools, kennysheep_donut, grunt_qazlal_clouds, uniq_pikel,
          uniq_sigmund
D:5:      layout_loops_ring, nzn_wu_jian_contemplation, uniq_menkaure
D:6:      layout_loops_corners, elyvilon_altar_1, uniq_duvessa, uniq_eustachio,
          uniq_crazy_yiuf_cottage, uniq_maggie
D:7:      layout_basic, minmay_temple_entry_drinking_statues, basic_altar,
          okawaru_trees_2
D:8:      layout_rooms, led_sif_book, serial_shops, kennysheep_mini,
          grunt_dithmenos_smoke_and_mirrors, uniq_maurice
D:9:      gammafunk_the_bubble [the_bubble_gammafunk_grid], layout_long_grid,
          lemuel_coloured_pillars_altar, ashenzari_conservatory_becter,
          yredelemnul_forgotten_temple_becter, david_lair_generic,
          due_unseen_surprise
Temple:   compressed_dpeg_circular_temple

Skill      XL: |  1  2  3  4  5  6  7  8  9 10 |
---------------+-------------------------------+-----
Transmutations | 3 4 5 6 8 9 |  9.6
Fighting       | 2 3 4 5 6 |  6.6
Spellcasting   | 3 4 5 6 7 8 |  8.9
Dodging        | 3 4 5 6 |  6.9
Unarmed Combat | |  3.0

Action                   |  1- 3 |  4- 6 |  7- 9 | 10-12 || total
-------------------------+-------+-------+-------+-------++-------
Melee: Unarmed           |    80 |   158 |   240 |   230 ||   708
       Constrict         |    18 |    20 |    16 |    47 ||   101
       Tentacles         |     7 |     6 |    16 |    39 ||    68
       Kick              |    13 |    12 |       |       ||    25
       Punch             |     1 |     1 |       |     5 ||     7
 Cast: Beastly Appendage |    18 |    15 |       |       ||    33
       Spider Form       |     1 |    16 |    25 |     2 ||    44
       Wereblood         |     1 |     4 |     8 |     4 ||    17
       Ice Form          |       |       |     5 |       ||     5
       Blade Hands       |       |       |    12 |    45 ||    57
Invok: Potion Petition   |       |       |       |     1 ||     1
 Abil: End Transformatio |       |       |     1 |       ||     1
Evoke: Wand              |       |       |       |     4 ||     4
  Use: Scroll            |       |       |       |    21 ||    21
       Potion            |       |       |       |     3 ||     3
 Stab: Sleeping          |     2 |     4 |     1 |     3 ||    10
Armor: Skin              |    11 |    26 |    15 |     8 ||    60
Dodge: Dodged            |    85 |   194 |   197 |   199 ||   675
